 Dungeon Crawl Stone Soup version 0.15.0-29-ga8e3430 (webtiles) character file.

82 MDvedh the Chopper (level 4, 0/37 HPs)
             Began as a Hill Orc Death Knight on Sept 12, 2014.
             Was a Believer of Yredelemnul.
             Slain by an orc
             ... wielding a +0 flail
              (5 damage)
             ... on Level 3 of the Dungeon.
             The game lasted 00:04:07 (2786 turns).

MDvedh the Chopper (Hill Orc Death Knight)          Turns: 2786, Time: 00:04:08

HP   0/37        AC  5     Str 15      XL: 4   Next: 43%
MP   7/7         EV  9     Int 11      God: Yredelemnul [**....]
Gold 42          SH  0     Dex 11      Spells:  0 memorised,  3 levels left

rFire  . . .     SeeInvis .     a - +1 hand axe
rCold  . . .     Clarity  +     m - +0 ring mail
rNeg   . . .     rCorr    .     (no shield)
rPois  .         rRot     .     (no helmet)
rElec  .         Spirit   .     (no cloak)
SustAb .         Warding  .     (no gloves)
rMut   .         Stasis   .     (no boots)
Gourm  .                        d - amulet of clarity
MR     .....                    (no ring)
                                g - ring of stealth

@: not resistant to hostile enchantments, unstealthy
A: no striking features
a: Animate Remains, Recall Undead Slaves, Injury Mirror, Renounce Religion,
Convert to Beogh


You were on level 3 of the Dungeon.
You worshipped Yredelemnul.
Yredelemnul was pleased with you.
You were not hungry.

You visited 1 branch of the dungeon, and saw 3 of its levels.

You collected 42 gold pieces.

Inventory:

Hand weapons
 a - a +1 hand axe (weapon)
Armour
 m - a +0 ring mail (worn)
Comestibles
 j - a beef jerky
 l - a bread ration
Scrolls
 f - 2 scrolls of identify {unknown}
 h - a scroll of remove curse {unknown}
 i - a scroll of blinking {unknown}
 k - a scroll of teleportation {unknown}
Jewellery
 d - an amulet of clarity (around neck)
 g - a ring of stealth (left hand)
Potions
 b - a potion of heal wounds {unknown}
 c - 2 potions of restore abilities {unknown}
 e - 2 potions of brilliance {unknown}
 n - a potion of magic {unknown}


   Skills:
 - Level 2.4 Fighting
 + Level 6.0 Axes
 - Level 1.1 Armour
 - Level 0.7 Dodging
 - Level 3.6 Invocations


You had 3 spell levels left.
You didn't know any spells.

Dungeon Overview and Level Annotations

Branches:
Dungeon (3/15)

Altars:
Trog


Message History

The orc priest mumbles some strange prayers to Beogh against you.
Something smites you!
Unknown command.
The orc priest shouts, "Surrender to Beogh and we'll let you live!"
You hit the orc.
The orc is moderately wounded.
You hit the orc priest.
The orc priest is moderately wounded.
The orc priest mumbles some strange prayers to Beogh against you.
Pain shoots through your body!
* * * LOW HITPOINT WARNING * * *
The orc hits you but does no damage.
Unknown command.
You hit the orc but do no damage.
The orc is moderately wounded.
You hit the orc priest.
The orc priest is heavily wounded.
The orc priest closely misses you. The orc hits you with a flail.
You die...
Your body rises from the dead as a mindless zombie.

###.######.......## #.
#.......#........%####.
#.......+........%'....
#.......#........%####.
###.#.####.......###...
###.# ##.....## #.#.
#.# ##...## #.#. ##o##
##'## # #. ##.o@## #.#
.. ##.....#####.# ##
#..........#.#######
##.....#.#.........#
##...##.......###..).
##.######...## ###
##.## #.# #.#


You could see an orc priest and an orc.

Vanquished Creatures
  2 adders (D:2)
  A worm (D:2)
  3 giant geckos
  8 bats
  3 giant cockroaches
  6 goblins
  9 hobgoblins
  3 quokkas (D:2)
  2 ball pythons
  6 giant newts
  9 kobolds
  4 rats
56 creatures vanquished.

Vanquished Creatures (others)
  4 toadstools (D:1)
4 creatures vanquished.

Grand Total: 60 creatures vanquished

Notes
Turn   | Place    | Note
--------------------------------------------------------------
     0 | D:1      | MDvedh, the Hill Orc Death Knight, began the quest for the Orb.
     0 | D:1      | Reached XP level 1. HP: 18/18 MP: 2/2
   147 | D:1      | Reached XP level 2. HP: 19/25 MP: 4/4
   357 | D:1      | Reached skill level 4 in Axes
   758 | D:1      | Reached XP level 3. HP: 19/30 MP: 5/5
  1149 | D:2      | Acquired Yredelemnul's second power
  1155 | D:2      | Reached skill level 5 in Axes
  2215 | D:2      | Reached XP level 4. HP: 27/37 MP: 7/7
  2585 | D:3      | Found a bloodstained altar of Trog.
  2729 | D:3      | Reached skill level 6 in Axes
  2786 | D:3      | Slain by an orc

Action                   |  1- 3 |  4- 6 || total
-------------------------+-------+-------++-------
Melee: Hand axe          |   153 |    43 ||   196
  Eat: Chunk             |     4 |       ||     4
       Meat ration       |       |     1 ||     1
